 Dungeon Sprint DCSS version 0.19.1 (webtiles) character file.

7688 dvd the Severer (level 11, -24/111 HPs)
             Began as a Minotaur Fighter on Dec 22, 2016.
             Was a High Priest of Trog.
             Annihilated by a bone dragon (26 damage)
             ... in the Dungeon (Sprint II: "The Violet Keep of Menkaure").
             The game lasted 00:07:39 (1029 turns).

dvd the Severer (Minotaur Fighter)                  Turns: 1029, Time: 00:07:40

Health: -24/111    AC:  8    Str: 23    XL:     11   Next: 0%
Magic:  10/10      EV: 13    Int:  5    God:    Trog [*****.]
Gold:   343        SH: 14    Dex: 14    Spells: 0 memorised, 10 levels left

rFire  . . .     SeeInvis +     l - +8 war axe (distort)
rCold  . . .     Gourm    .     b - +0 scale mail
rNeg   . . .     Faith    .     c - +0 shield
rPois  +         Spirit   .     a - +2 hat "Kusm" {rPois}
rElec  .         Reflect  .     (no cloak)
rCorr  .         Harm     .     (no gloves)
MR     .....     NoTele   +     (no boots)
Stlth  ..........               (no amulet)
                                (no ring)
                                m - ring of the Endless Expanse {Dex+3 SInv}

@: exhausted, slowed, very slow
A: retaliatory headbutt, horns 2, deformed body
a: Berserk, Trog's Hand, Brothers in Arms, Burn Spellbooks, Renounce Religion


You were in the Dungeon.
You worshipped Trog.
Trog was extremely pleased with you.
You were hungry.

You visited 1 branch You collected 1391 gold pieces.
You spent 1048 gold pieces at shops.

Inventory:

Hand Weapons
 l - a +8 war axe of distortion (weapon)
Armour
 a - the +2 hat "Kusm" (worn) {rPois}
   (You bought it in a shop in the Dungeon)

   It protects you from poison.
 b - a +0 scale mail (worn)
 c - a +0 shield (worn)
Jewellery
 m - the ring of the Endless Expanse (left hand) {Dex+3 SInv}
   (You bought it in a shop in the Dungeon)

   [ring of see invisible]

   It affects your dexterity (+3).
   It lets you see invisible.
Scrolls
 k - a scroll of blinking
Potions
 d - a potion of might
 e - a potion of curing
 h - a potion of haste
 i - 2 potions of magic
Comestibles
 f - a bread ration


   Skills:
 + Level 14.7 Fighting
 + Level 18.1 Axes
 + Level 13.5 Armour
 + Level 5.5 Dodging
 + Level 1.2 Stealth
 + Level 14.4 Shields


You had 10 spell levels left.
You didn't know any spells.

Dungeon Overview and Level Annotations

Branches:
Dungeon (1/1)

Altars:
Cheibriados
Dithmenos
Elyvilon
Fedhas
Gozag
Hepliaklqana
Kikubaaqudgha
Makhleb
Nemelex Xobeh
Okawaru
Qazlal
Ru
Sif Muna
Trog
Uskayaw
Vehumet
Xom
Yredelemnul
Zin
The Shining One
Beogh
Jiyva
Lugonu

Shops:
D :==**?[!}%[(?:!(

Annotations:
D exclusion: oklob plant, Kirke


Innate Abilities, Weirdness & Mutations

You reflexively headbutt those who attack you in melee.
You have a pair of horns on your head.
Armour fits poorly on your strangely shaped body.


Message History

You butcher the ice dragon corpse.
There is an open door, spattered with blood here.
You see here 6 chunks of flesh.
Eat one of 6 chunks of flesh? (ye/n/q)
You start eating one of the 6 chunks of flesh.
This raw flesh tastes terrible.
You are feeling hungry.
Eat one of 5 chunks of flesh? (ye/n/q)
You start eating one of the 5 chunks of flesh.
The bone dragon bites you. The bone dragon claws you!
* * * LOW HITPOINT WARNING * * *
You block the bone dragon's attack. The bone dragon bites you.
* * * LOW HITPOINT WARNING * * *
The bone dragon claws you!
* * * LOW HITPOINT WARNING * * *
The bone dragon tramples you!
* * * LOW HITPOINT WARNING * * *
You stumble backwards!
You stop eating.
The bone dragon bites you!!
You die...

###########
#$...?$'..#
#.?$.$†#@.#
#+######D## #..+ #..##
####..+ § #..)#### §≈
#.))†(≈## ≈≈
############≈≈#+++#++
###########≈≈≈........


You could see a bone dragon.

Vanquished Creatures
  A yaktaur captain (D)
  An ice dragon (D)
  2 hell hogs (D)
  A skeletal warrior (D)
  A shining eye (D)
  A siren (D)
  An elephant (D)
  A yaktaur (D)
  A kobold demonologist (D)
  2 polar bears (D)
  A hornet (D)
  A hippogriff (D)
  A blink frog (D)
  2 yaks (D)
  4 neqoxecs (D)
  Menkaure (D)
  4 necrophages (D)
  4 worker ants (D)
  A spectral leopard gecko (D)
  A spectral quokka (D)
32 creatures vanquished.

Vanquished Creatures (others)
  A centaur warrior (D)
  A shining eye (D)
  A polar bear (D)
  A crocodile (D)
4 creatures vanquished.

Grand Total: 36 creatures vanquished

Notes
Turn   | Place    | Note
-------+----------+-------------------------------------------
     0 | D        | dvd the Minotaur Fighter began the quest for the Orb.
     0 | D        | Reached XP level 1. HP: 19/19 MP: 0/0
     1 | D        | Noticed a neqoxec
     1 | D        | Noticed a neqoxec
     1 | D        | Noticed a neqoxec
     1 | D        | Noticed a neqoxec
     4 | D        | Killed a neqoxec
     4 | D        | Reached skill level 4 in Axes
     4 | D        | Reached XP level 2. HP: 34/34 MP: 1/1
     4 | D        | Reached XP level 3. HP: 39/39 MP: 2/2
     4 | D        | Reached XP level 4. HP: 47/47 MP: 3/3
     9 | D        | Gained mutation: You regenerate slowly when monsters are visible. [a neqoxec]
    14 | D        | Killed a neqoxec
    14 | D        | Reached XP level 5. HP: 57/57 MP: 4/4
    15 | D        | Gained mutation: Your muscles are strong. (Str +2) [a neqoxec]
    17 | D        | Lost mutation: Your muscles are strong. (Str +2) [a neqoxec]
    19 | D        | Killed a neqoxec
    19 | D        | Reached skill level 5 in Axes
    19 | D        | Reached skill level 10 in Armour
    19 | D        | Reached XP level 6. HP: 62/66 MP: 5/5
    24 | D        | Gained mutation: Armour fits poorly on your strangely shaped body. [a neqoxec]
    31 | D        | Killed a neqoxec
    31 | D        | Reached skill level 10 in Fighting
    31 | D        | Reached skill level 6 in Axes
    31 | D        | Reached skill level 10 in Shields
    31 | D        | Reached XP level 7. HP: 29/73 MP: 6/6
   233 | D        | Reached skill level 1 in Dodging
   240 | D        | Reached skill level 7 in Axes
   330 | D        | Noticed a siren
   345 | D        | Killed a siren
   345 | D        | Reached skill level 9 in Axes
   345 | D        | Reached XP level 8. HP: 76/82 MP: 7/7
   362 | D        | Found Lobbymos's Antique Weapon Shop.
   363 | D        | Found Kelou's Magic Scroll Boutique.
   363 | D        | Found Cogarch's Antique Weapon Shop.
   363 | D        | Found Ilufaon's Magic Scroll Boutique.
   363 | D        | Found Gocinnuo's Gadget Boutique.
   363 | D        | Found Oqathut's General Store.
   363 | D        | Found Ejityh's Distillery.
   363 | D        | Found Buuneq's Antique Armour Shop.
   363 | D        | Found Bulyecw's General Store.
   363 | D        | Found Coigyet's Book Shop.
   363 | D        | Found Yquci's Antique Armour Boutique.
   364 | D        | Found Qeakk's Jewellery Shop.
   364 | D        | Found Tarisur's Jewellery Boutique.
   365 | D        | Found Pel Meipt's Distillery.
   365 | D        | Found Vaoh's Food Shop.
   365 | D        | Noticed a great orb of eyes
   366 | D        | Noticed Menkaure
   366 | D        | Noticed an oklob plant
   367 | D        | Found Fuzxiph's Book Shoppe.
   379 | D        | Killed Menkaure
   383 | D        | Noticed a spiny frog
   384 | D        | Noticed a spiny frog
   387 | D        | Bought a runed war axe for 218 gold pieces
   390 | D        | Noticed a manticore
   403 | D        | Bought the +2 hat "Kusm" {rPois} for 277 gold pieces
   409 | D        | Bought the ring of the Endless Expanse {Dex+3 SInv} for 396 gold pieces
   482 | D        | Found a shimmering altar of Xom.
   483 | D        | Found a basalt altar of Yredelemnul.
   483 | D        | Found a sacrificial altar of Ru.
   484 | D        | Found a glowing silver altar of Zin.
   484 | D        | Found a deep blue altar of Sif Muna.
   485 | D        | Found a glowing golden altar of the Shining One.
   485 | D        | Found a bloodstained altar of Trog.
   485 | D        | Found an ancient bone altar of Kikubaaqudgha.
   485 | D        | Found a stormy altar of Qazlal.
   485 | D        | Found a viscous altar of Jiyva.
   486 | D        | Found a hide-covered altar of Uskayaw.
   486 | D        | Found a corrupted altar of Lugonu.
   486 | D        | Found a shadowy altar of Dithmenos.
   487 | D        | Found a radiant altar of Vehumet.
   487 | D        | Found a burning altar of Makhleb.
   487 | D        | Found a white marble altar of Elyvilon.
   488 | D        | Found a sparkling altar of Nemelex Xobeh.
   488 | D        | Found a blossoming altar of Fedhas.
   490 | D        | Found an iron altar of Okawaru.
   490 | D        | Found an opulent altar of Gozag.
   490 | D        | Found a hazy altar of Hepliaklqana.
   490 | D        | Found a snail-covered altar of Cheibriados.
   490 | D        | Noticed a hornet
   490 | D        | Noticed a polar bear
   491 | D        | Noticed a polar bear
   491 | D        | Found a roughly hewn altar of Beogh.
   491 | D        | Noticed a yaktaur
   492 | D        | Noticed a polar bear
   495 | D        | Became a worshipper of Trog the Wrathful
   500 | D        | Killed a polar bear
   500 | D        | Reached skill level 10 in Axes
   501 | D        | Killed a polar bear
   501 | D        | Reached skill level 11 in Axes
   504 | D        | Banished a polar bear
   504 | D        | Reached XP level 9. HP: 88/91 MP: 8/8
   506 | D        | Reached * piety under Trog
   506 | D        | Reached skill level 12 in Axes
   510 | D        | Killed a yaktaur
   523 | D        | Reached ** piety under Trog
   581 | D        | Bought a scroll of enchant weapon for 75 gold pieces
   584 | D        | Bought a scroll of enchant weapon for 82 gold pieces
   619 | D        | Reached skill level 13 in Axes
   714 | D        | Noticed an elephant
   714 | D        | Noticed a centaur warrior
   714 | D        | Noticed Kirke
   714 | D        | Noticed a yaktaur captain
   714 | D        | Noticed a skeletal warrior
   714 | D        | Noticed a kobold demonologist
   721 | D        | Noticed an ice devil
   726 | D        | Noticed a sun demon
   728 | D        | Killed a skeletal warrior
   728 | D        | Reached skill level 14 in Axes
   730 | D        | Killed a yaktaur captain
   730 | D        | Reached *** piety under Trog
   730 | D        | Reached skill level 15 in Axes
   730 | D        | Reached skill level 1 in Stealth
   730 | D        | Reached XP level 10. HP: 53/101 MP: 9/9
   731 | D        | Killed an elephant
   736 | D        | Reached **** piety under Trog
   736 | D        | Reached skill level 16 in Axes
   743 | D        | Killed a centaur warrior
  1007 | D        | Noticed a hell hog
  1007 | D        | Noticed a shining eye
  1007 | D        | Noticed a shining eye
  1007 | D        | Noticed a hell hog
  1007 | D        | Noticed a shining eye
  1007 | D        | Noticed an ice dragon
  1014 | D        | Banished a shining eye
  1015 | D        | Lost mutation: You regenerate slowly when monsters are visible. [a shining eye]
  1018 | D        | Killed a shining eye
  1021 | D        | Killed a hell hog
  1021 | D        | Reached skill level 17 in Axes
  1021 | D        | Reached skill level 5 in Dodging
  1022 | D        | Killed a hell hog
  1022 | D        | Reached ***** piety under Trog
  1024 | D        | Killed an ice dragon
  1024 | D        | Reached skill level 18 in Axes
  1024 | D        | Reached XP level 11. HP: 60/111 MP: 10/10
  1026 | D        | Noticed a bone dragon
  1028 | D        | HP: 2/111 [bone dragon (10)]
  1029 | D        | Annihilated by a bone dragon

Skill      XL: |  1  2  3  4  5  6  7  8  9 10 |
---------------+-------------------------------+-----
Fighting       | 7 9 10 12 13 14 | 14.7
Axes           | 4 5 6 9 11 15 18 | 18.1
Armour         | 7 9 10 11 12 13 | 13.5
Shields        | 7 8 9 10 11 12 13 14 | 14.4
Dodging        | 2 3 4 5 |  5.5
Stealth        | 1 |  1.2

Action                   |  1- 3 |  4- 6 |  7- 9 | 10-12 || total
-------------------------+-------+-------+-------+-------++-------
Melee: War axe           |     2 |    27 |    78 |    27 ||   134
       Headbutt          |     2 |     8 |    19 |     8 ||    37
Invok: Berserk           |       |       |     1 |     1 ||     2
       Trog's Hand       |       |       |     1 |       ||     1
  Use: Potion            |     1 |       |     1 |       ||     2
       Scroll            |       |       |     2 |       ||     2
  Eat: Chunk             |       |       |       |     2 ||     2
Armor: Scale mail        |       |     4 |    11 |     3 ||    18
Dodge: Dodged            |       |    12 |    17 |    12 ||    41
Block: Shield            |       |     7 |    33 |    19 ||    59
